 Dungeon Crawl Stone Soup version 0.19.4-10-g532645f (webtiles) character file.

781 galech the Skirmisher (level 7, 0/79 HPs)
             Began as an Ogre Fighter on Feb 24, 2017.
             Was a Follower of Makhleb.
             Slain by Pikel
             ... wielding a +2 whip of electrocution
              (2 damage)
             ... on level 4 of the Dungeon.
             The game lasted 00:11:44 (5490 turns).

galech the Skirmisher (Ogre Fighter)                Turns: 5490, Time: 00:11:45

Health: 0/79       AC:  4    Str: 31    XL:     7   Next: 85%
Magic:  7/7        EV:  9    Int:  7    God:    Makhleb [*.....]
Gold:   287        SH:  9    Dex:  9    Spells: 0 memorised, 6 levels left

rFire  + . .     SeeInvis .     a - +1 flail
rCold  + . .     Gourm    .     w - +0 robe {rC+ rF+}
rNeg   . . .     Faith    .     c - +0 shield
rPois  .         Spirit   .     (helmet restricted)
rElec  .         Reflect  .     o - +0 cloak
rCorr  .         Harm     .     (gloves unavailable)
MR     .....                    (boots unavailable)
Stlth  +.........               v - amulet of inaccuracy (curse)
                                k - +2 ring of strength
                                (no ring)

@: mighty
A: unfitting armour, tough skin 1
a: Renounce Religion


You were on level 4 of the Dungeon.
You worshipped Makhleb.
Makhleb was aware of your devotion.
You were not hungry.

You visited 1 branch of the dungeon, and saw 5 of its levels.

You collected 287 gold pieces.

Inventory:

Hand Weapons
 a - a +1 flail (weapon)
Armour
 b - a +0 robe
 c - a +0 shield (worn)
 o - a +0 cloak (worn)
 w - a +0 robe of resistance (worn)
Jewellery
 k - a +2 ring of strength (right hand)
 v - a cursed amulet of inaccuracy (around neck)
Wands
 n - a wand of slowing (31/48)
Scrolls
 e - 3 scrolls of magic mapping
 g - a scroll of enchant weapon
 i - 2 scrolls of enchant armour
 r - a scroll of amnesia
 s - 4 scrolls of identify
 u - a scroll of teleportation
Potions
 h - a potion of heal wounds
 j - a potion of magic {unknown}
 l - a potion of agility
 m - 2 potions of cure mutation
 p - 5 potions of curing {unknown}
 t - 2 potions of brilliance
 x - a potion of invisibility {unknown}
Comestibles
 d - a royal jelly
 f - 3 bread rations
 q - 3 meat rations


   Skills:
 + Level 7.7 Fighting
 + Level 6.6 Maces & Flails
 + Level 5.2 Dodging
 - Level 2.7 Shields


You had 6 spell levels left.
You didn't know any spells.

Dungeon Overview and Level Annotations

Branches:
Dungeon (5/15)
 Temple: D:4-7

Altars:
Elyvilon
Makhleb

Annotations:
D:4 Pikel
D:5 Dowan; Quirk's ghost, novice DDFi


Innate Abilities, Weirdness & Mutations

You are too large for most types of armour.
You have tough skin. (AC +1)


Message History

You are too injured to fight recklessly!
You are too injured to fight recklessly!
You are too injured to fight recklessly!
You are too injured to fight recklessly!
You are too injured to fight recklessly!
You are too injured to fight recklessly!
You are too injured to fight recklessly!
You are too injured to fight recklessly!
You are too injured to fight recklessly!
You are too injured to fight recklessly!
You closely miss Pikel.
Pikel is almost dead.
Pikel hits you with a whip of electrocution.
* * * LOW HITPOINT WARNING * * *
You hit Pikel.
Pikel is almost dead.
Pikel hits you with a whip of electrocution!
* * * LOW HITPOINT WARNING * * *
Pikel hits you with a whip of electrocution.
You die...

#.#.# #.# #.# ######.#.####.###.#
.........#......#.#
.#####.###.##.#.#.# #######
.#...#.###.#..#.#.# #......
.#.#.#.#...#..#.#.# #.<....
.#.#.......#..#.#.#########......
.#.#...#.#.#.....K....)..........
.....#.#.#.#####@.########.......
.#.#.#.#.#.#......##.....#.##.###
.#.#.#.#.#.#.#....##.###.#.##.#
.#.#.#.#.#.#.#...........#.##.#
.#.#.....#.#.#.....#.....#.##.#
.#.###...#.#.#.#'#.......#.##.#
.#.# #...#.#.#.#.#.......#.##.#
.#.# #...#.#.#.#.#.###.###.##.###
.#.# #...#.#.#.#.#.........##....


You could see Pikel.

Vanquished Creatures
  Sigmund (D:3)
  An ice beast (D:5)
  A jelly (D:5)
  A hound (D:4)
  2 orc wizards (D:4)
  Terence (D:2)
  2 iguanas (D:4)
  Natasha (thrice) (D:3)
  2 worker ants (D:4)
  3 gnolls
  10 adders
  2 oozes
  3 worms
  A dart slug (D:4)
  5 leopard geckos
  6 orcs
  5 ball pythons
  2 giant cockroaches (D:3)
  5 goblins
  3 hobgoblins
  2 jackals (D:1)
  2 quokkas (D:2)
  7 bats
  4 frilled lizards
  A jackal skeleton (D:5)
  9 kobolds
  A leopard gecko skeleton (D:4)
  7 rats
92 creatures vanquished.

Notes
Turn   | Place    | Note
-------+----------+-------------------------------------------
     0 | D:1      | galech the Ogre Fighter began the quest for the Orb.
     0 | D:1      | Reached XP level 1. HP: 24/24 MP: 1/1
   186 | D:1      | Reached XP level 2. HP: 33/33 MP: 2/2
   727 | D:2      | Gained mutation: Armour fits poorly on your strangely shaped body. [potion of mutation]
   727 | D:2      | Gained mutation: You have a pair of small antennae on your head. [potion of mutation]
   727 | D:2      | Gained mutation: You possess an exceptional clarity of mind. [potion of mutation]
   737 | D:2      | Reached XP level 3. HP: 24/40 MP: 3/3
  1220 | D:2      | Reached skill level 5 in Fighting
  1220 | D:2      | Reached XP level 4. HP: 50/50 MP: 4/4
  1849 | D:3      | Noticed Terence
  1863 | D:2      | Killed Terence
  2126 | D:3      | Noticed Natasha
  2134 | D:3      | Killed Natasha
  2134 | D:3      | Reached XP level 5. HP: 38/57 MP: 5/5
  2194 | D:3      | Found a white marble altar of Elyvilon.
  2274 | D:3      | Noticed Sigmund
  2281 | D:3      | Killed Sigmund
  2281 | D:3      | Reached skill level 6 in Fighting
  2281 | D:3      | Reached skill level 5 in Maces & Flails
  2281 | D:3      | Reached XP level 6. HP: 63/67 MP: 6/6
  2404 | D:3      | Found a burning altar of Makhleb.
  2420 | D:3      | Became a worshipper of Makhleb the Destroyer
  2505 | D:3      | Noticed Natasha
  2514 | D:3      | Killed Natasha
  3263 | D:4      | Lost mutation: You possess an exceptional clarity of mind. [potion of cure mutation]
  3263 | D:4      | Lost mutation: You have a pair of small antennae on your head. [potion of cure mutation]
  3263 | D:4      | Lost mutation: Armour fits poorly on your strangely shaped body. [potion of cure mutation]
  3340 | D:4      | Reached XP level 7. HP: 71/76 MP: 7/7
  3560 | D:3      | Noticed Natasha
  3564 | D:3      | Killed Natasha
  3564 | D:3      | Reached skill level 7 in Fighting
  3805 | D:3      | Reached * piety under Makhleb
  4204 | D:4      | Reached skill level 5 in Dodging
  4540 | D:5      | Entered Level 5 of the Dungeon
  4603 | D:5      | Noticed Quirk's ghost (novice DDFi)
  4679 | D:5      | Noticed Dowan
  5341 | D:5      | Noticed Pikel
  5490 | D:4      | HP: 2/79 [Pikel/whip of electrocution (11)]
  5490 | D:4      | Slain by Pikel

Skill      XL: |  1  2  3  4  5  6  7 |
---------------+----------------------+-----
Maces & Flails | 3 4 5 6 |  6.6
Dodging        | 3 4 5 |  5.2
Fighting       | 5 6 7 |  7.7
Shields        | |  2.7

Action                   |  1- 3 |  4- 6 |  7- 9 || total
-------------------------+-------+-------+-------++-------
Melee: Flail             |   106 |   130 |   147 ||   383
  Use: Potion            |     3 |     3 |     1 ||     7
       Scroll            |     8 |     7 |     1 ||    16
 Stab: Sleeping          |     1 |     1 |     1 ||     3
  Eat: Chunk             |     1 |     7 |     7 ||    15
Armor: Robe              |    29 |    19 |    25 ||    73
Dodge: Dodged            |    41 |    50 |    58 ||   149
Block: Shield            |    43 |    58 |    88 ||   189
